 Dungeon Crawl Stone Soup version 0.31.0-32-g396128a36d (webtiles) character file.

Game seed: 12708464238261383763

24976 Silvore the Bludgeoner (level 12, -84/113 HPs)
             Began as a Minotaur Fighter on Apr 10, 2024.
             Was a Believer of the Shining One.
             Annihilated by a titanic slime creature (94 damage)
             ... on level 13 of the Dungeon.
             The game lasted 00:15:21 (10841 turns).

Silvore the Bludgeoner (Minotaur Fighter)          Turns: 10841, Time: 00:15:21

Health: -84/113    AC: 22    Str: 30    XL:     12   Next: 85%
Magic:  11/11      EV:  9    Int:  5    God:    the Shining One [**....]
Gold:   785        SH:  5    Dex:  9    Spells: 11/11 levels left

rFire   + . .        L - +6 morningstar (protect)
rCold   + + .        c - +0 buckler
rNeg    + . .        g - +0 plate armour
rPois   .            (helmet restricted)
rElec   +            (no cloak)
rCorr   .            k - +3 pair of gauntlets of War {Slay+5}
SInv    +            l - +0 pair of boots
Will    +....        G - amulet of Ugowiok {rElec rF+ Will+ Regen+} Stlth
                     E - ring of Bodily Harmony {rC+ Str+3 SInv}
HPRegen 1.18/turn    F - ring of Duub {rElec rC+}
MPRegen 0.12/turn

%: no passive effects
@: mighty, on berserk cooldown, hasted and slowed, glowing
A: horns 2, retaliatory headbutt
a: Renounce Religion, Divine Shield


You were on level 13 of the Dungeon.
You worshipped the Shining One.
The Shining One was pleased with you.
You visited 1 branch of the dungeon, and saw 13 of its levels.
You also visited: Trove and Ossuary.

You collected 1833 gold pieces.
You spent 1048 gold pieces at shops.

Inventory:

Hand Weapons
 L - a +6 morningstar of protection (weapon)
Missiles
 x - a throwing net (quivered)
Armour
 c - a +0 buckler (worn)
 g - a +0 plate armour (worn)
 k - the +3 pair of gauntlets of War (worn) {Slay+5}
   (You bought it in a shop on level 3 of the Dungeon)

   Slay+5:    It affects your accuracy & damage with ranged weapons and melee
   (+5).
 l - a +0 pair of boots (worn)
Jewellery
 m - an amulet of guardian spirit
 q - an amulet of faith
 E - the ring of Bodily Harmony (left hand) {rC+ Str+3 SInv}
   (You found it in a treasure trove)

   [ring of see invisible]

   Str+3:     It affects your strength (+3).
   rC+:       It protects you from cold.
   SInv:      It lets you see invisible.
 F - the ring of Duub (right hand) {rElec rC+}
   (You found it in a treasure trove)

   [ring of protection from cold]

   rC+:       It protects you from cold.
   rElec:     It insulates you from electricity.
 G - the amulet of Ugowiok (around neck) {rElec rF+ Will+ Regen+}
   (You found it in a treasure trove)

   [amulet of regeneration]

   rF+:       It protects you from fire.
   rElec:     It insulates you from electricity.
   Will+:     It increases your willpower.
   Regen+:    It increases your rate of health regeneration.
 H - the ring of Miracles {Fire rN+++ Str+5 Int-5 Slay+6}
   (You found it in a treasure trove)

   [ring of fire]

   Fire:      It enhances your fire magic.
   Str+5:     It affects your strength (+5).
   Int-5:     It affects your intelligence (-5).
   Slay+6:    It affects your accuracy & damage with ranged weapons and melee
   (+6).
   rF+:       It protects you from fire.
   rC-:       It makes you vulnerable to cold.
   rN+++:     It renders you almost immune to negative energy.
 J - a ring of poison resistance
 O - a ring of wizardry
Wands
 a - a wand of quicksilver (9)
 N - a wand of flame (12)
 P - a wand of paralysis (1)
Scrolls
 b - 2 scrolls of enchant weapon
 d - 2 scrolls of poison
 n - 5 scrolls of immolation
 p - a scroll of amnesia
 t - 3 scrolls of revelation
 v - 8 scrolls of noise
 y - 4 scrolls of fog
 C - 5 scrolls of blinking
 I - a scroll of fear
 K - 3 scrolls of teleportation
Potions
 e - 2 potions of heal wounds {unknown}
 f - 7 potions of curing
 h - a potion of haste
 i - 2 potions of resistance
 j - 2 potions of lignification {unknown}
 o - a potion of berserk rage {unknown}
 r - 3 potions of might
 s - 4 potions of enlightenment
 u - 10 potions of degeneration
 w - 3 potions of mutation
 z - 2 potions of magic {unknown}
 A - a potion of invisibility {unknown}
 B - 5 potions of brilliance
 M - 4 potions of ambrosia
Miscellaneous
 D - a lightning rod (4/4)


   Skills:
 + Level 12.3 Fighting
 + Level 16.7 Maces & Flails
 + Level 0.6 Throwing
 + Level 13.6 Armour
 + Level 4.1 Dodging
 + Level 2.1 Stealth
 + Level 8.4 Shields


You had 11 spell levels left.
You didn't know any spells.
Your spell library contained the following spells:

 Spells                   Type           Power      Damage    Failure   Level
 Shock                    Conj/Air       0%         1d3       98%         1
 Blink                    Tloc           0%         N/A       99%         2
 Ensorcelled Hibernation  Hex/Ice        0%         N/A       99%         2
 Lesser Beckoning         Tloc           0%         N/A       99%         2
 Momentum Strike          Conj/Tloc      0%         3d8       99%         2
 Static Discharge         Conj/Air       0%         3-3/arc   99%         2
 Dazzling Flash           Conj/Hex       0%         N/A       100%        3
 Frozen Ramparts          Ice            0%         1d1       100%        3
 Gell's Gravitas          Tloc           0%         N/A       100%        3
 Mephitic Cloud           Conj/Alch/Air  0%         N/A       100%        3
 Ozocubu's Armour         Ice            0%         N/A       100%        3
 Swiftness                Air            0%         N/A       100%        3
 Teleport Other           Tloc           0%         N/A       100%        3
 Tukima's Dance           Hex            0%         N/A       100%        3
 Airstrike                Air            0%         2d(0-16)  100%        4
 Dimensional Bullseye     Hex/Tloc       0%         N/A       100%        4
 Fulminant Prism          Conj/Alch      0%         3d5       100%        4
 Olgreb's Toxic Radiance  Alch           0%         N/A       100%        4
 Passage of Golubria      Tloc           0%         N/A       100%        4
 Summon Lightning Spire   Summ/Air       0%         N/A       100%        4
 Curse of Agony           Necr           0%         N/A       100%        5
 Freezing Cloud           Conj/Ice/Air   0%         6-21      100%        5
 Silence                  Hex/Air        0%         N/A       100%        5
 Yara's Violent Unravell  Hex/Alch       0%         3d3       100%        5
 Sculpt Simulacrum        Ice/Alch       0%         N/A       100%        6
 Ozocubu's Refrigeration  Ice            0%         4d7       100%        7
 Discord                  Hex            0%         N/A       100%        8


Dungeon Overview and Level Annotations

Branches:
Dungeon (13/15)            Temple (0/1) D:7            Lair (0/5) D:11
    Orc (0/2) D:10        Ossuary (visited)
 Vaults: D:13-14

Altars:
Cheibriados
Dithmenos
Elyvilon
Gozag
Nemelex Xobeh
Uskayaw
Wu Jian
Xom
Yredelemnul
Zin
The Shining One

Shops:
D:1 =   D:3 [   D:6 ?   D:11 (


Innate Abilities, Weirdness & Mutations

You have a pair of horns on your head.
You reflexively headbutt those who attack you in melee.


Message History

You impale the enormous slime creature!!
The enormous slime creature is heavily wounded.
Unknown command.
You bludgeon the enormous slime creature!!
You headbutt the enormous slime creature!!
The enormous slime creature is severely wounded.
You impale the enormous slime creature!!
The enormous slime creature is severely wounded.
The enormous slime creature hits you!!!
* * * LOW HITPOINT WARNING * * *
A slime creature comes into view.
You impale the enormous slime creature!!
The enormous slime creature is almost dead.
Unknown command.
Items here: ( ) | †.
You feel a strong urge to attack something.
Items here: )) [ †.
You are no longer berserk.
You are exhausted.
You feel yourself slow down.
Things that are here:
a +0 shortbow; a centaur corpse
Okay, then.
Things that are here:
a +0 rapier; a +0 orcbow The enormous slime creature attacks as it pursues you!
You block the enormous slime creature's attack.
An enormous slime creature splits.
You bludgeon the large slime creature!!
Your weapon exudes an aura of protection.
The large slime creature is almost dead.
Two slime creatures merge to form a very large slime creature.
The large slime creature hits you!
* * * LOW HITPOINT WARNING * * *
Unknown command.
You feel yourself speed up.
Two slime creatures merge to form a titanic slime creature.
The titanic slime creature hits you!!!!
Ouch! That really hurt!
You die...

#..).....##########.#
#.†#####.# #.# #..#
#.# #.# #..# #.# #.#
#..# #.# #.# #..# ..#
#####.# . #..# #.#
#.....# .. #..#
########.##..#####...
#.J@...##.........
###
#.####.###........
...
#))..#...#........
#.###)#.###...####...
#..().# ..#.#.# <.
###J### .#.#.# .
#:.)†?# #.#.# #.###!#
..#.# ... J.. ###.#


You could see a titanic slime creature.

Vanquished Creatures
  Frances (D:12)
  A rakshasa (D:12)
  7 centaur warriors
  2 two-headed ogres (D:9)
  2 dancing weapons (D:12)
  A naga sharpshooter (D:12)
  2 tengu warriors (D:13)
  A sun demon (D:12)
  A deep elf pyromancer (D:13)
  An oklob plant (D:11)
  Joseph (D:8)
  A cyclops (D:13)
  A tengu conjurer (D:13)
  A yaktaur (D:13)
  A freezing wraith (D:13)
  A queen bee (D:12)
  2 trolls
  Grinder (D:3)
  3 polar bears
  A raiju (D:12)
  6 slime creatures (D:13)
  4 wraiths
  3 vampires
  2 wyverns (D:8)
  2 wargs (D:10)
  Grum (D:9)
  5 yaks (D:9)
  An unseen horror simulacrum (D:9)
  A basilisk (D:13)
  A steam dragon (D:8)
  5 vampire mosquitoes
  3 acid dragons
  3 ice beasts (D:9)
  A black bear (D:7)
  2 sky beasts (D:7)
  5 orc warriors
  4 wolves
  8 centaurs
  A phantom (D:4)
  Blork the orc (D:4)
  2 weeping skulls (Ossuary)
  A bullfrog (D:8)
  A kobold brigand (D:6)
  An elf zombie (Ossuary)
  A gnoll sergeant (D:10)
  2 scorpions (D:6)
  25 wights
  13 killer bees
  2 electric eels (D:9)
  4 howler monkeys
  2 hounds (D:5)
  4 bombardier beetles
  5 jellies
  6 orc priests
  Crazy Yiuf (D:4)
  A sleepcap (D:5)
  4 iguanas
  9 orc wizards
  2 centaur simulacra (D:9)
  4 mummies (Ossuary)
  Robin (D:3)
  7 gnolls
  10 adders
  A shadow imp (D:6)
  7 white imps
  A howler monkey simulacrum (D:9)
  5 ufetubi
  A dart slug (D:3)
  2 ribbon worms
  34 orcs
  8 ball pythons
  4 bats (D:1)
  9 endoplasms
  7 giant cockroaches
  3 gnoll zombies (Ossuary)
  13 goblins
  11 hobgoblins
  7 jackals
  13 kobolds
  5 quokkas
  4 frilled lizards
  3 kobold zombies (Ossuary)
  An orc zombie (Ossuary)
  3 rats
341 creatures vanquished.

Notes
Turn   | Place    | Note
-------+----------+-------------------------------------------
     0 | D:1      | Silvore the Minotaur Fighter began the quest for the Orb.
     0 | D:1      | Reached XP level 1. HP: 19/19 MP: 0/0
   151 | D:1      | Reached XP level 2. HP: 27/27 MP: 1/1
   202 | D:1      | Found Zuentig's Jewellery Shoppe.
   251 | D:1      | Reached XP level 3. HP: 25/33 MP: 2/2
   301 | D:1      | You fall into a shaft and drop 1 floor!
   314 | D:2      | Reached skill level 3 in Maces & Flails
   838 | D:1      | Found a faded altar of an unknown god.
   844 | D:1      | Reached XP level 4. HP: 40/40 MP: 3/3
  1601 | D:3      | Reached skill level 4 in Maces & Flails
  1620 | D:3      | Found Mytecs's Armour Shop.
  1657 | D:3      | Noticed Grinder
  1676 | D:3      | Killed Grinder
  1677 | D:3      | Reached skill level 5 in Maces & Flails
  1677 | D:3      | Reached skill level 5 in Armour
  1677 | D:3      | Reached XP level 5. HP: 25/47 MP: 4/4
  1677 | D:3      | Reached XP level 6. HP: 29/53 MP: 5/5
  2123 | D:3      | Noticed Robin
  2153 | D:3      | Killed Robin
  2698 | D:4      | Noticed Blork the orc
  2709 | D:4      | Killed Blork the orc
  2710 | D:4      | Reached skill level 6 in Maces & Flails
  2710 | D:4      | Reached skill level 1 in Dodging
  2710 | D:4      | Reached skill level 1 in Stealth
  2910 | D:4      | Reached XP level 7. HP: 44/60 MP: 6/6
  3043 | D:4      | Found an ornate altar of the Wu Jian Council.
  3043 | D:4      | Found a shadowy altar of Dithmenos.
  3153 | D:4      | Found a glowing golden altar of the Shining One.
  3155 | D:4      | Noticed an angel
  3160 | D:4      | Found a basalt altar of Yredelemnul.
  3169 | D:4      | Became a worshipper of the Shining One
  3179 | D:4      | Noticed a profane servitor
  3339 | D:4      | Found a runed translucent door.
  3340 | D:4      | Noticed Crazy Yiuf
  3347 | D:4      | Killed Crazy Yiuf
  3348 | D:4      | Reached skill level 5 in Fighting
  3442 | D:4      | Found a glowing silver altar of Zin.
  3451 | D:4      | Identified a scroll of acquirement
  3451 | D:4      | Acquired 543 gold pieces
  3545 | D:3      | Bought the +3 pair of gauntlets of War {Slay+5} for 570
                  | gold pieces
  3545 | D:3      | Found the +3 pair of gauntlets of War {Slay+5}
  3749 | D:5      | Entered Level 5 of the Dungeon
  3754 | D:5      | Noticed a vampire
  3759 | D:5      | Killed a vampire
  3760 | D:5      | Reached skill level 7 in Maces & Flails
  3856 | D:5      | Identified the +1 scale mail of Itopir {Regen+ Int+3}
  3977 | D:5      | Reached XP level 8. HP: 40/68 MP: 3/7
  4052 | D:5      | Identified the +1 sling "Sietivew" {drain, *Slow rN+ Int+3
                  | Stlth+}
  4056 | D:5      | Reached skill level 8 in Maces & Flails
  4425 | D:5      | Reached skill level 5 in Shields
  4525 | D:6      | Found a hide-covered altar of Uskayaw.
  4611 | D:6      | Identified the orb of the Trombone {guile, rN+ Dex+2}
  4800 | D:6      | Found a sand-covered staircase.
  4805 | Ossuary  | Entered an ossuary
  4843 | Ossuary  | Reached * piety under the Shining One
  4850 | Ossuary  | Reached skill level 9 in Maces & Flails
  5006 | Ossuary  | Reached ** piety under the Shining One
  5111 | D:6      | Found Rahios's Magic Scroll Shoppe.
  5312 | D:6      | Reached skill level 10 in Maces & Flails
  5550 | D:7      | Reached XP level 9. HP: 78/78 MP: 8/8
  5707 | D:7      | Found a white marble altar of Elyvilon.
  5890 | D:7      | Found a staircase to the Ecumenical Temple.
  5919 | D:7      | Reached skill level 11 in Maces & Flails
  6252 | D:8      | Reached *** piety under the Shining One
  6263 | D:8      | Noticed Joseph
  6272 | D:8      | Killed Joseph
  6273 | D:8      | Reached skill level 12 in Maces & Flails
  6512 | D:8      | Noticed a four-headed hydra
  6512 | D:8      | Noticed a green ugly thing
  6622 | D:8      | Noticed a troll
  6629 | D:8      | Killed a troll
  6630 | D:8      | Reached XP level 10. HP: 81/86 MP: 9/9
  6683 | D:8      | Found a shimmering altar of Xom.
  6684 | D:8      | Found a shimmering altar of Xom.
  6684 | D:8      | Found a shimmering altar of Xom.
  6685 | D:8      | Found a shimmering altar of Xom.
  6688 | D:8      | Found a shimmering altar of Xom.
  6693 | D:8      | Found a shimmering altar of Xom.
  6772 | D:9      | Noticed a two-headed ogre
  6777 | D:9      | Killed a two-headed ogre
  6944 | D:9      | Reached **** piety under the Shining One
  6951 | D:9      | Noticed Grum
  6955 | D:9      | Reached skill level 13 in Maces & Flails
  6960 | D:9      | Killed Grum
  7107 | D:9      | Noticed a two-headed ogre
  7118 | D:9      | Killed a two-headed ogre
  7119 | D:9      | Reached skill level 14 in Maces & Flails
  7303 | D:9      | Reached ***** piety under the Shining One
  7308 | D:9      | Reached XP level 11. HP: 79/95 MP: 7/10
  7318 | D:9      | Reached skill level 10 in Armour
  7878 | D:10     | Entered Level 10 of the Dungeon
  7878 | D:10     | Found a snail-covered altar of Cheibriados.
  7880 | D:10     | Found a sparkling altar of Nemelex Xobeh.
  7881 | D:10     | Found an opulent altar of Gozag.
  8074 | D:10     | Found a portal to a secret trove of treasure.
  8357 | Trove    | Entered a treasure trove
  8368 | Trove    | Identified the +0 chain mail "Jiroiklu" {Slay+2}
  8372 | Trove    | Identified the ring of Bodily Harmony {rC+ Str+3 SInv}
  8374 | Trove    | Identified the ring of Duub {rElec rC+}
  8377 | Trove    | Identified the amulet of Ugowiok {rElec rF+ Will+ Regen+}
  8383 | Trove    | Identified the ring of Miracles {Fire rN+++ Str+5 Int-5
                  | Slay+6}
  8388 | Trove    | Got the Guide on the Evil Eye and the Chill
  8390 | Trove    | Lost intelligence.
  8533 | D:10     | Found a staircase to the Orcish Mines.
  8979 | D:11     | Noticed an oklob plant
  8994 | D:11     | Found a staircase to the Lair.
  9004 | D:11     | Killed an oklob plant
  9058 | D:11     | Found Jaxeneum's Weapon Shop.
  9061 | D:11     | Bought a +6 morningstar of protection for 478 gold pieces
  9697 | D:12     | Noticed Frances
  9697 | D:12     | Noticed a centaur warrior
  9704 | D:12     | Killed a centaur warrior
  9705 | D:12     | Reached skill level 10 in Fighting
  9714 | D:12     | Noticed a centaur warrior
  9717 | D:12     | Killed Frances
  9718 | D:12     | Reached skill level 15 in Maces & Flails
  9721 | D:12     | Killed a centaur warrior
  9754 | D:12     | Noticed a rakshasa
  9760 | D:12     | Killed a rakshasa
  9811 | D:12     | Found a sparkling altar of Nemelex Xobeh.
  9811 | D:12     | Noticed a naga sharpshooter
  9813 | D:12     | Noticed a -4 hand axe
  9818 | D:12     | Killed a naga sharpshooter
  9819 | D:12     | Reached XP level 12. HP: 51/108 MP: 11/11
  9905 | D:12     | Noticed a centaur warrior
  9921 | D:12     | Killed a centaur warrior
 10001 | D:12     | Reached skill level 16 in Maces & Flails
 10148 | D:12     | Got the Atlas of Glacial Power
 10703 | D:13     | Noticed a tengu warrior
 10716 | D:13     | Killed a tengu warrior
 10790 | D:13     | Noticed a centaur warrior
 10798 | D:13     | Killed a centaur warrior
 10799 | D:13     | Noticed a tengu warrior
 10799 | D:13     | Noticed a centaur warrior
 10800 | D:13     | Noticed a centaur warrior
 10804 | D:13     | Noticed a centaur warrior
 10805 | D:13     | Killed a centaur warrior
 10808 | D:13     | Killed a centaur warrior
 10811 | D:13     | Killed a tengu warrior
 10824 | D:13     | Killed a centaur warrior
 10831 | D:13     | HP: 7/169 [enormous slime creature (51)]
 10841 | D:13     | Annihilated by a titanic slime creature

Illustrated notes

Levels and vault maps discovered:
D:1:      wander_arrival_desolate, layout_loops_cross,
          hellmonk_ecumenical_altar_zigzags, serial_shops,
          nicolae_shop_gaudy_bauble
D:2:      layout_loops_cross, dreamdust_mushroom_princess, minmay_pentomino_u2
D:3:      layout_basic, serial_shops, shop, uniq_grinder, uniq_robin
D:4:      layout_basic, grunt_temple_overflow_holy_war, zin_treasury,
          gammafunk_temple_overflow_pools, chequers_serial_rivers_micro_e,
          minmay_misc_feat_secret_circle, corexii_checkpoint,
          kennysheep_another_room, grunt_tough_drop, uniq_crazy_yiuf_cottage,
          uniq_blork_the_orc
D:5:      layout_loops_cross, st_stairs_12, kennysheep_generic_room_8
D:6:      layout_basic, kennysheep_little_box, serial_shops, shop,
          nicolae_ossuary_entry_plus
D:7:      layout_loops_ring, mainiacjoe_overflow_six_doors_small,
          minmay_temple_entry_large_hall
D:8:      layout_basic, xom_shifter_show, lightli_corner_chamber, uniq_joseph
D:9:      layout_basic, serial_ice, serial_ice_n, serial_ice_f, serial_ice_g,
          serial_ice_a, serial_ice_e, serial_ice_k, serial_ice_d, uniq_grum
D:10:     layout_cave_pools, slow_altar_1, grunt_temple_overflow_opulence,
          david_orc_1_choice, nicolae_trove_entry_diagonal,
          serial_library_regret_index_multi
D:11:     layout_loops_ring, dpeg_oklobed_lair, serial_shops,
          nicolae_shop_behind_doors, chequers_avenue
D:12:     regret_index_nemelex_summoning_deck_glade, layout_loops_ring,
          uniq_frances
D:13:     layout_long_grid, muffindrake_ghost_dual_entry, nicolae_doodle_vault

Skill      XL: |  1  2  3  4  5  6  7  8  9 10 11 12 |
---------------+-------------------------------------+-----
Armour         | 4 5 6 7 8 9 12 13 | 13.6
Fighting       | 4 5 6 7 8 10 12 | 12.3
Shields        | 4 5 6 7 8 |  8.4
Maces & Flails | 3 5 6 7 10 12 14 15 16 | 16.7
Dodging        | 1 2 3 4 |  4.1
Stealth        | 1 2 |  2.1
Throwing       | |  0.6

Action                     |  1- 3 |  4- 6 |  7- 9 | 10-12 || total
---------------------------+-------+-------+-------+-------++-------
  Melee: Flail             |    89 |   116 |   238 |   210 ||   653
         Headbutt          |    12 |    21 |    44 |    86 ||   163
         Morningstar       |       |       |       |   146 ||   146
  Throw: Throwing net      |       |       |     1 |       ||     1
    Use: Scroll            |       |     5 |     8 |     4 ||    17
         Potion            |       |     1 |       |     2 ||     3
 Armour: Scale mail        |    65 |    60 |    94 |       ||   219
         Plate armour      |       |       |    37 |   380 ||   417
  Dodge: Dodged            |    37 |    48 |   107 |   159 ||   351
  Block: Buckler           |    18 |    15 |    51 |    94 ||   178
